 Dungeon Crawl Stone Soup version 0.23.2-40-g277498a001 (webtiles) character file.

Game seed: 11704706436209976193

414 Ishchenko the Skirmisher (level 6, 0/48 HPs)
             Began as a Mummy Fighter on Sept 24, 2019.
             Was a Follower of Qazlal.
             Slain by Natasha (5 damage)
             ... on level 4 of the Dungeon.
             The game lasted 00:15:05 (4048 turns).

Ishchenko the Skirmisher (Mummy Fighter)            Turns: 4048, Time: 00:15:06

Health: 0/48       AC:  8    Str: 22    XL:     6   Next: 60%
Magic:  6/6        EV: 10    Int:  7    God:    Qazlal [*.....]
Gold:   174        SH:  1    Dex: 11    Spells: 5/5 levels left

rFire    x . .     SeeInvis .   p - +0 dire flail
rCold    + . .     Gourm    .   (shield currently unavailable)
rNeg     + + +     Faith    .   b - +0 scale mail
rPois    ∞         Spirit   .   (no helmet)
rElec    .         Reflect  .   q - +0 cloak
rCorr    .         Harm     .   (no gloves)
MR       +....                  (no boots)
Stlth    ..........             g - amulet of magic regeneration
HPRegen  0.16/turn              l - ring of protection from magic
MPRegen  0.35/turn              (no ring)

@: no status effects
A: no food or potions, fire vulnerability, cold resistance 1, negative energy
resistance 3, torment resistance, unbreathing
a: Renounce Religion


You were on level 4 of the Dungeon.
You worshipped Qazlal.
Qazlal was aware of your devotion.
You were not hungry.

You visited 1 branch of the dungeon, and saw 4 of its levels.

You collected 174 gold pieces.

Inventory:

Hand Weapons
 a - a +0 long sword
 k - a +1 dagger of pain
 o - a cursed -2 flail
 p - a +0 dire flail (weapon)
Armour
 b - a +0 scale mail (worn)
 c - a +0 shield
 q - a +0 cloak (worn)
Jewellery
 g - an amulet of magic regeneration (around neck)
 l - a ring of protection from magic (left hand)
Wands
 m - a wand of polymorph (2)
Scrolls
 d - 2 scrolls of identify
 e - 3 scrolls of enchant armour
 f - a scroll of fog
 i - a scroll of remove curse {unknown}
 j - 3 scrolls of magic mapping {unknown}
 n - a scroll of enchant weapon {unknown}


   Skills:
 + Level 3.7 Fighting
 + Level 1.1(1.8) Short Blades
 + Level 2.2(2.4) Long Blades
 + Level 2.4 Maces & Flails
 + Level 3.6 Armour
 + Level 1.2 Dodging
 + Level 0.4 Stealth
 + Level 3.3 Shields


You had 5 spell levels left.
You didn't know any spells.
Your spell library was empty.

Dungeon Overview and Level Annotations

Branches:
Dungeon (4/15)
 Temple: D:4-7

Altars:
Fedhas
Kikubaaqudgha
Nemelex Xobeh
Qazlal
Uskayaw

Annotations:
D:3 1 runed translucent door, Alannah's ghost, amateur DrCj
D:4 Dowan; Duvessa; Natasha


Innate Abilities, Weirdness & Mutations

You do not eat or drink.
Your flesh is vulnerable to fire.
You are immune to poison.
Your flesh is cold resistant. (rC+)
You are immune to negative energy. (rN+++)
You are immune to unholy pain and torment.
You can survive without breathing.


Message History

You are too injured to fight recklessly!
You are too injured to fight recklessly!
You are too injured to fight recklessly!
You are too injured to fight recklessly!
You hit Natasha.
Natasha is moderately wounded.
Natasha claws you.
* * * LOW HITPOINT WARNING * * *
You closely miss Natasha.
Natasha is moderately wounded.
Natasha claws you.
* * * LOW HITPOINT WARNING * * *
You miss Natasha.
Natasha is moderately wounded.
Natasha claws you.
* * * LOW HITPOINT WARNING * * *
You miss Natasha.
Natasha is moderately wounded.
Natasha claws you.
You die...

#..#######....# #
##.......##....#
.#####...####..†...##
..##...### ######..##
.†#.!### ######...##
#...## #<........###
..###
#...........##.. .##
#................> ##
#...@h........#...
#....................
##...................
#...................
#...................
##..................
#......#...........
##....##...........
##..###...........


You could see Natasha.

Vanquished Creatures
  Menkaure (D:4)
  2 hounds (D:4)
  Natasha (twice) (D:4)
  A worker ant (D:4)
  A gnoll (D:1)
  6 adders
  2 oozes (D:4)
  2 adder skeletons (D:4)
  4 dart slugs
  2 leopard geckos
  3 orcs (D:3)
  4 giant cockroaches
  7 goblins
  4 hobgoblins
  6 jackals
  9 kobolds
  A ball python (D:1)
  11 bats
  2 frilled lizards
  4 rats
74 creatures vanquished.

Notes
Turn   | Place    | Note
-------+----------+-------------------------------------------
     0 | D:1      | Ishchenko the Mummy Fighter began the quest for the Orb.
     0 | D:1      | Reached XP level 1. HP: 18/18 MP: 1/1
    90 | D:1      | Reached XP level 2. HP: 21/24 MP: 2/2
   229 | D:1      | Reached XP level 3. HP: 10/29 MP: 3/3
   938 | D:2      | Found a stormy altar of Qazlal.
   938 | D:2      | Found a blossoming altar of Fedhas.
   947 | D:2      | Became a worshipper of Qazlal Stormbringer
  1724 | D:2      | Reached XP level 4. HP: 28/35 MP: 4/4
  1803 | D:2      | Found a sparkling altar of Nemelex Xobeh.
  2185 | D:3      | Found an ancient bone altar of Kikubaaqudgha.
  2535 | D:3      | Reached * piety under Qazlal
  2601 | D:3      | Reached skill level 1 in Dodging
  2610 | D:3      | Found a runed translucent door.
  2614 | D:3      | Noticed Alannah's ghost (amateur DrCj)
  2898 | D:4      | Reached skill level 1 in Short Blades
  2898 | D:4      | Reached XP level 5. HP: 13/41 MP: 5/5
  3194 | D:4      | Noticed Natasha
  3214 | D:4      | Killed Natasha
  3417 | D:4      | Found a hide-covered altar of Uskayaw.
  3468 | D:4      | Reached skill level 1 in Maces & Flails
  3499 | D:4      | Noticed Menkaure
  3507 | D:4      | Killed Menkaure
  3507 | D:4      | Reached XP level 6. HP: 28/48 MP: 6/6
  3737 | D:4      | Noticed Duvessa
  3737 | D:4      | Noticed Dowan
  4013 | D:4      | Noticed Natasha
  4019 | D:4      | Killed Natasha
  4030 | D:4      | Noticed Natasha
  4048 | D:4      | Slain by Natasha

Skill      XL: |  1  2  3  4  5  6 |
---------------+-------------------+-----
Long Blades    | 2 |  2.2
Armour         | 3 |  3.6
Shields        | 3 |  3.3
Dodging        | 1 |  1.2
Short Blades   | 1 |  1.1
Maces & Flails | 1 2 |  2.4
Fighting       | |  3.7
Stealth        | |  0.4

Action                   |  1- 3 |  4- 6 || total
-------------------------+-------+-------++-------
Melee: Long sword        |   134 |       ||   134
       Dagger            |   177 |   233 ||   410
       Dire flail        |       |    90 ||    90
Evoke: Wand              |       |     4 ||     4
  Use: Scroll            |     3 |     3 ||     6
Armor: Scale mail        |   151 |   104 ||   255
Dodge: Dodged            |    76 |   109 ||   185
Block: Shield            |   142 |   111 ||   253
       Other             |       |     3 ||     3
       Rpst.: Long sword |    12 |       ||    12
